 Dungeon Crawl Stone Soup version 0.20.1-1-g8b1a95d (webtiles) character file.

426 ReteAZ the Skirmisher (level 6, -6/40 HPs)
             Began as a Gargoyle Fighter on July 30, 2017.
             Killed by divine providence
             ... invoked by an orc priest
              (12 damage)
             ... on level 4 of the Dungeon.
             The game lasted 00:05:05 (3120 turns).

ReteAZ the Skirmisher (Gargoyle Fighter)            Turns: 3120, Time: 00:05:05

Health: -6/40      AC: 11    Str: 19    XL:     6   Next: 97%
Magic:  6/6        EV:  7    Int: 10    God:
Gold:   204        SH:  9    Dex: 10    Spells: 5/5 levels left

rFire    . . .     SeeInvis .   a - +0 war axe
rCold    . . .     Gourm    .   c - +0 shield
rNeg     + . .     Faith    .   b - +0 scale mail
rPois    ∞         Spirit   .   (no helmet)
rElec    +         Reflect  .   (no cloak)
rCorr    .         Harm     .   (no gloves)
MR       .....                  (no boots)
Stlth    ..........             (no amulet)
Regen    0.2/turn               (no ring)
MPRegen  0.1/turn               (no ring)

@: no status effects
A: negative energy resistance 1, electricity resistance, unbreathing,
petrification resistance, rot immunity, AC +4
a: no special abilities


You were on level 4 of the Dungeon.
You were not hungry.

You visited 1 branch of the dungeon, and saw 4 of its levels.

You collected 204 gold pieces.

Inventory:

Hand Weapons
 a - a +0 war axe (weapon)
Missiles
 j - 2 exploding tomahawks (quivered)
 p - a throwing net
Armour
 b - a +0 scale mail (worn)
 c - a +0 shield (worn)
Jewellery
 m - an uncursed amulet of harm {unknown}
 q - an uncursed ring of ice {unknown}
Scrolls
 e - 4 scrolls of identify {unknown}
 h - 2 scrolls of remove curse {unknown}
 k - a scroll of amnesia {unknown}
 l - 2 scrolls of fog {unknown}
 n - 2 scrolls of teleportation {unknown}
 o - a scroll of immolation {unknown}
 t - a scroll of recharging {unknown}
Potions
 d - a potion of might
 s - a potion of brilliance {unknown}
Comestibles
 f - 5 bread rations
 g - a fruit
 i - a royal jelly


   Skills:
 + Level 4.9 Fighting
 * Level 4.2 Axes
 + Level 4.5 Armour
 + Level 4.7 Shields


You had 5 spell levels left.
You didn't know any spells.

Dungeon Overview and Level Annotations

Branches:
Dungeon (4/15)
 Temple: D:4-7

Altars:
Hepliaklqana

Annotations:
D:2 Edmund
D:3 Grinder


Innate Abilities, Weirdness & Mutations

You are resistant to torment.
Your stone body is resilient. (AC +4)
You are immune to poison.
You resist negative energy. (rN+)
You are resistant to electric shocks. (rElec)
You can survive without breathing.
You are immune to petrification.
You are immune to rotting.


Message History

The adder is heavily wounded.
The adder bites you but does no damage. The adder bites you.
You closely miss the adder.
The adder is heavily wounded.
You block the adder's attack. The adder bites you but does no damage.
You slash the adder!
You kill the adder!
You slash the scorpion!
The scorpion is severely wounded.
The scorpion stings you but does no damage.
You slash the scorpion!
You kill the scorpion!
The orc priest invokes the aid of Beogh against you.
Beogh smites you!
* * * LOW HITPOINT WARNING * * *
You slash the orc priest!
The orc priest is severely wounded.
The orc priest calls down the wrath of Beogh upon you.
Beogh smites you!
You die...

#.......... ...#..
#.........# ###.#..
#.........###......
#......>..##..#.###
#...).....##.##.# #
#.........##.##.# #
##.#.#######.##.# #
#o#.# ####.#..# #@#.#
#....#.## #.#.#
#......# ## #.#.#
#.....## #. #.#.#
#....## #. #.#.#
#....#####.
####...####..........
#.............######.
#.............# #.
#..........#### #.


You could see an orc priest.

Vanquished Creatures
  An ogre (D:4)
  A scorpion (D:4)
  A crimson imp (D:4)
  2 hounds (D:4)
  An orc wizard (D:4)
  3 gnolls (D:2)
  6 adders
  3 worms (D:2)
  4 dart slugs
  7 leopard geckos
  3 orcs
  3 giant cockroaches
  4 goblins
  A hobgoblin (D:3)
  6 jackals
  8 kobolds
  2 quokkas
  3 ball pythons
  5 bats
  4 frilled lizards (D:2)
  9 rats
77 creatures vanquished.

Notes
Turn   | Place    | Note
-------+----------+-------------------------------------------
     0 | D:1      | ReteAZ the Gargoyle Fighter began the quest for the Orb.
     0 | D:1      | Reached XP level 1. HP: 14/14 MP: 1/1
    80 | D:1      | Reached XP level 2. HP: 19/19 MP: 2/2
   408 | D:1      | Reached XP level 3. HP: 23/23 MP: 3/3
  1177 | D:2      | Reached XP level 4. HP: 27/28 MP: 4/4
  1520 | D:2      | Reached XP level 5. HP: 31/33 MP: 5/5
  1920 | D:3      | Noticed Grinder
  1937 | D:4      | Found a hazy altar of Hepliaklqana.
  2591 | D:4      | Noticed Edmund
  2857 | D:4      | Noticed an ogre
  2864 | D:4      | Killed an ogre
  2864 | D:4      | Reached XP level 6. HP: 39/39 MP: 6/6
  3120 | D:4      | Killed from afar by an orc priest

Skill      XL: |  1  2  3  4  5  6 |
---------------+-------------------+-----
Axes           | 2 3 4 |  4.2
Shields        | 4 |  4.7
Fighting       | 4 |  4.9
Armour         | 4 |  4.5

Action                   |  1- 3 |  4- 6 || total
-------------------------+-------+-------++-------
Melee: War axe           |   118 |   222 ||   340
Throw: Tomahawk          |       |     6 ||     6
       Throwing net      |       |     1 ||     1
  Use: Potion            |       |     1 ||     1
  Eat: Chunk             |     1 |     6 ||     7
       Fruit             |       |     1 ||     1
Armor: Scale mail        |    75 |   114 ||   189
Dodge: Dodged            |    36 |    81 ||   117
Block: Shield            |    64 |   131 ||   195
